AoeStats
← Red Calypso

Hill Fort

505367002Analyzed
4v4 RM · 24d ago on Sep 9, 2026· 18m 0s· 8 players
Game mode
Random Map
Map size
Large (8 player)
Population
200
Speed
Normal
Resources
Standard
Victory
Conquest
Starting age
Dark Age
Ending age
Imperial Age
RankedLock teamsTeams togetherTeam positionsShared explorationLock speedFull tech treeHidden civsTurbo modeCheats
Victory
Defeat
🇺🇸 Khmer · United States
1409
+12
🇦🇹 Byzantines · Austria
1391
+13
🇺🇸 Burgundians · United States
1338
+15
🇨🇦 Maya · Canada
1208
+19
🇨🇴 Saracens · Colombia
1334
-16
🇨🇳 Vikings · China
1317
-15
🇨🇳 Italians · China
1296
-14
🇵🇪 Bengalis · Peru
1293
-14
鱼鱼
10:53 Feudal Age
12:09 Double-Bit Axe
17:41 Castle Age
17:19 Man-at-Arms
NevetsCas
11:07 Feudal Age
15:29 Castle Age
13:48 Loom
13:57 Double-Bit Axe
14:22 Horse Collar
16:19 Bow Saw
Iam_Toretto
10:50 Feudal Age
13:10 Loom
菜菜的菜菜
9:29 Feudal Age
10:30 Loom
13:49 Double-Bit Axe
14:54 Fletching
15:05 Padded Archer Armor
Shawn96
0:28 Loom
11:50 Feudal Age
15:46 Castle Age
14:13 Double-Bit Axe
14:57 Horse Collar
15:49 Gold Mining
17:19 Fletching
17:57 Padded Archer Armor
Retrobution22
8:48 Double-Bit Axe
10:46 Feudal Age
9:29 Horse Collar
13:05 Loom
16:05 Castle Age
16:15 Bow Saw
18:26 Wheelbarrow
Ice2207
11:51 Feudal Age
14:33 Castle Age
12:38 Double-Bit Axe
16:21 Scale Barding Armor
16:02 Horse Collar
16:36 Bow Saw
16:39 Loom
Red Calypso
10:08 Loom
11:55 Feudal Age
16:12 Castle Age
15:02 Double-Bit Axe
Connection lost

Rejoining the realm…

Still unreachable

The connection could not be restored.

Session expired

The server has moved on; the page needs a fresh start.